 Dungeon Crawl Stone Soup version 0.29.0-13-gc9e81de378 (webtiles) character file.

Game seed: 4980518966791981762

548438 freelancePsychic the Metallomancer (level 26, -4/178 HPs)
             Began as a Gargoyle Earth Elementalist on Sept 9, 2022.
             Was the Champion of Vehumet.
             Slain by an electric golem (9 damage)
             ... on level 1 of the Realm of Zot.
             The game lasted 02:23:34 (71392 turns).

freelancePsychic the Metallomancer (GrEE)          Turns: 71392, Time: 02:23:34

Health: -4/178     AC: 41    Str: 15    XL:     26   Next: 23%
Magic:  8/42       EV: 13    Int: 29    God:    Vehumet [******]
Gold:   3931       SH:  0    Dex:  8    Spells: 13/55 levels left

rFire   + + .      SeeInvis +   b - staff of earth
rCold   + . .      Faith    .   p - +0 buckler
rNeg    + . .      Spirit   .   k - +5 acid dragon scales
rPois   ∞          Reflect  .   h - +2 helmet
rElec   +          Harm     .   y - scarf {rC+ rF+}
rCorr   +          Rampage  .   P - +1 pair of gloves of Exclusion {rF+ Slay+2 SInv}
Will    ++...                   o - +2 pair of boots {Stlth+}
Stlth   ++........              D - amulet of regeneration
HPRegen 1.19/turn               Y - ring of wizardry
MPRegen 0.28/turn               E - +6 ring of intelligence

@: confused, ambrosia-drunk, flying, slightly contaminated
A: sickness immunity, AC +20, big wings, negative energy resistance 1,
electricity resistance, torment resistance 1, petrification resistance, clumsy
1, dopey 1, strong-willed 1, wild magic 1
}: 3/15 runes: decaying, iron, gossamer
a: Renounce Religion


You were on level 1 of the Realm of Zot.
You worshipped Vehumet.
Vehumet was exalted by your worship.
You visited 12 branches of the dungeon, and saw 51 of its levels.
You visited the Abyss 3 times.
You also visited: Ice Cave.

You collected 7287 gold pieces.
You spent 3356 gold pieces at shops.

Inventory:

Hand Weapons
 a - a +3 eveningstar of holy wrath
Missiles
 Q - a throwing net
Armour
 h - a +2 helmet (worn)
 k - +5 acid dragon scales (worn)
 o - a +2 pair of boots of stealth (worn)
 p - a +0 buckler (worn)
 y - a scarf of resistance (worn)
 P - the +1 pair of gloves of Exclusion (worn) {rF+ Slay+2 SInv}
   (You bought it in a shop on level 2 of the Dungeon)

   Slay:      It affects your accuracy & damage with ranged weapons and melee
   (+2).
   rF:        It protects you from fire.
   SInv:      It lets you see invisible.
Magical Staves
 b - a staff of earth (weapon)
 R - a staff of conjuration
Jewellery
 e - a +6 ring of intelligence
 j - the amulet of Sedoh {Spirit Int+3}
   (You found it in an ice cave)

   [amulet of guardian spirit]

   It causes incoming damage to be divided between your reserves of health and
   magic.
   Int:       It affects your intelligence (+3).
 z - a ring of protection from fire
 B - a ring of see invisible
 D - an amulet of regeneration (around neck)
 E - a +6 ring of intelligence (right hand)
 H - the ring of Zolarhyn {rElec rF+}
   (You took it off an orc wizard on level 8 of the Dungeon)

   [ring of protection from fire]

   rF:        It protects you from fire.
   rElec:     It insulates you from electricity.
 J - a ring of ice
 O - a ring of protection from cold
 S - the ring of Wiopulat {rCorr Str+4 Slay+3}
   (You found it on level 3 of the Depths)

   [ring of resist corrosion]

   Str:       It affects your strength (+4).
   Slay:      It affects your accuracy & damage with ranged weapons and melee
   (+3).
   rCorr:     It protects you from acid and corrosion.
 Y - a ring of wizardry (left hand)
Wands
 d - a wand of polymorph (15)
 C - a wand of mindburst (32)
 F - a wand of digging (7)
 K - a wand of flame (44)
 N - a wand of paralysis (21)
 T - a wand of roots (13)
Scrolls
 f - 4 scrolls of brand weapon
 m - 4 scrolls of teleportation {@r4}
 n - a scroll of summoning {unknown}
 w - 3 scrolls of magic mapping
 A - 4 scrolls of amnesia
 L - 2 scrolls of fog
 M - 7 scrolls of immolation
 V - 6 scrolls of identify {@r1}
Potions
 c - 3 potions of haste {@q3}
 g - a potion of invisibility
 i - 13 potions of attraction
 l - 4 potions of lignification
 q - 2 potions of brilliance
 r - 4 potions of curing {@q1}
 s - 8 potions of mutation
 t - 5 potions of might
 u - 7 potions of resistance
 v - 4 potions of berserk rage
 x - 3 potions of cancellation
 G - a potion of ambrosia
 X - 4 potions of flight
Miscellaneous
 U - a condenser vane
 Z - a tin of tremorstones (2/2)


   Skills:
 - Level 21.6 Fighting
 - Level 16.0 Maces & Flails
 - Level 7.2 Armour
 - Level 9.0 Dodging
 - Level 2.1 Stealth
 - Level 12.5 Shields
 - Level 15.0 Spellcasting
 - Level 13.0 Conjurations
 - Level 4.8 Translocations
 - Level 6.0 Transmutations
 - Level 23.4 Earth Magic
 * Level 23.4 Invocations


You had 13 spell levels left.
You knew the following spells:

 Your Spells              Type           Power      Damage    Failure   Level
a - Iron Shot             Conj/Erth      64%        9d12      1%          6
b - Shatter               Erth           70%        3d52*     4%          9
c - Lee's Rapid Deconstr  Erth           70%        3d33*     1%          5
d - Orb of Destruction    Conj           45%        9d12      2%          7
e - Spellforged Servitor  Conj/Summ      33%        N/A       24%         7
f - Apportation           Tloc           100%       N/A       1%          1
g - Blink                 Tloc           100%       N/A       1%          2
h - Irradiate             Conj/Tmut      39%        3d24      1%          5

Your spell library contained the following spells:

 Spells                   Type           Power      Damage    Failure   Level
 Fire Storm               Conj/Fire      33%        8d9       100%        9
 Foxfire                  Conj/Fire      100%       2x1d9     1%          1
 Freeze                   Ice            100%       1d11      1%          1
 Magic Dart               Conj           100%       1d8       1%          1
 Sandblast                Erth           100%       2d20      1%          1
 Shock                    Conj/Air       100%       1d9       1%          1
 Passwall                 Tmut/Erth      98%        N/A       1%          2
 Poisonous Vapours        Pois/Air       56%        N/A       1%          2
 Searing Ray              Conj           100%       2d8       1%          2
 Static Discharge         Conj/Air       67%        3-12/arc  1%          2
 Conjure Flame            Conj/Fire      67%        6-21      1%          3
 Dazzling Flash           Conj/Hex       100%       N/A       1%          3
 Frozen Ramparts          Ice            56%        1d9       1%          3
 Ignite Poison            Fire/Tmut/Pois 43%        N/A       1%          3
 Inner Flame              Hex/Fire       28%        N/A       1%          3
 Mephitic Cloud           Conj/Pois/Air  57%        N/A       1%          3
 Stone Arrow              Conj/Erth      100%       3d13      1%          3
 Animate Armour           Summ/Erth      100%       N/A       1%          4
 Flame Wave               Conj/Fire      67%        2d15      1%          4
 Fulminant Prism          Conj/Hex       33%        3d16      1%          4
 Hailstorm                Conj/Ice       67%        3d14      1%          4
 Leda's Liquefaction      Hex/Erth       54%        N/A       1%          4
 Petrify                  Tmut/Erth      100%       N/A       1%          4
 Sticky Flame             Conj/Fire      67%        2d8       1%          4
 Borgnjor's Vile Clutch   Necr/Erth      54%        N/A       1%          5
 Iskenderun's Battlesphe  Conj           91%        2d14      1%          5
 Lightning Bolt           Conj/Air       33%        1d51      1%          5
 Necrotise                Necr           100%       1d9       2%          1
 Summon Small Mammal      Summ           100%       N/A       2%          1
 Portal Projectile        Hex/Tloc       92%        N/A       2%          3
 Freezing Cloud           Conj/Ice/Air   28%        6-21      2%          5
 Lehudib's Crystal Spear  Conj/Erth      64%        10d15     2%          8
 Ensorcelled Hibernation  Hex/Ice        56%        N/A       3%          2
 Airstrike                Air            14%        2d(2-18)  5%          4
 Blade Hands              Tmut           32%        N/A       5%          5
 Call Canine Familiar     Summ           28%        N/A       6%          3
 Ozocubu's Armour         Ice            28%        N/A       6%          3
 Swiftness                Air            28%        N/A       6%          3
 Vampiric Draining        Necr           28%        2d8       6%          3
 Conjure Ball Lightning   Conj/Air       33%        3x3d11    6%          6
 Manifold Assault         Tloc           60%        N/A       8%          5
 Anguish                  Hex/Necr       14%        N/A       19%         4
 Animate Dead             Necr           28%        N/A       19%         4
 Cause Fear               Hex            14%        N/A       19%         4
 Corpse Rot               Necr/Pois/Air  28%        N/A       19%         4
 Dispel Undead            Necr           28%        3d13      19%         4
 Summon Ice Beast         Ice/Summ       28%        N/A       19%         4
 Summon Lightning Spire   Summ/Air       28%        N/A       19%         4
 Agony                    Necr           28%        N/A       41%         5
 Silence                  Hex/Air        14%        N/A       41%         5
 Summon Mana Viper        Hex/Summ       28%        N/A       41%         5
 Death Channel            Necr           14%        N/A       91%         6
 Simulacrum               Ice/Necr       14%        N/A       91%         6
 Storm Form               Tmut/Air       25%        N/A       98%         7
 Malign Gateway           Summ/Tloc      23%        N/A       99%         7
 Enfeeble                 Hex            14%        N/A       100%        7
 Haunt                    Necr/Summ      14%        N/A       100%        7
 Monstrous Menagerie      Summ           14%        N/A       100%        7
 Borgnjor's Revivificati  Necr           14%        N/A       100%        8
 Discord                  Hex            14%        N/A       100%        8
 Disjunction              Tloc           30%        N/A       100%        8
 Maxwell's Capacitive Co  Air            14%        ∞         100%        8
 Necromutation            Tmut/Necr      25%        N/A       100%        8
 Summon Horrible Things   Summ           14%        N/A       100%        8
 Chain Lightning          Conj/Air       33%        3d44      100%        9
 Death's Door             Necr           14%        N/A       100%        9
 Polar Vortex             Ice            14%        N/A       100%        9
 Statue Form              Tmut/Erth      Unusable   N/A       N/A         6

Dungeon Overview and Level Annotations

Branches:
Dungeon (15/15)            Temple (1/1) D:4            Lair (5/5) D:8
  Swamp (4/4) Lair:2       Spider (4/4) Lair:2        Slime (0/5) Lair:5
    Orc (2/2) D:11            Elf (3/3) Orc:2        Vaults (3/5) D:14
  Crypt (0/3) Vaults:2     Depths (4/4) D:15           Hell (visited)
    Dis (7/7) Hell            Geh (0/7) Hell            Coc (0/7) Hell
    Tar (0/7) Hell            Zot (2/5) Depths:4      IceCv (visited)

Altars:
Ashenzari
Cheibriados
Dithmenos
Elyvilon
Fedhas
Gozag
Hepliaklqana
Kikubaaqudgha
Makhleb
Nemelex Xobeh
Okawaru
Qazlal
Ru
Sif Muna
Trog
Uskayaw
Vehumet
Wu Jian
Xom
Yredelemnul
Zin
The Shining One
Jiyva

Shops:
D:2 [[   D:7 (   Orc:2 ?([*=   Elf:2 [   Vaults:1 (   Vaults:3 [
Depths:2 =*[!

Portals:
Hell: Depths:1 Depths:2 Depths:3 Depths:4
Abyss: Depths:2 Depths:3 Depths:4
Pandemonium: Depths:1 Depths:2
Ziggurat: Depths:4

Annotations:
D:2 Terence
D:3 1 runed translucent door, Crazy Yiuf
D:7 3 runed translucent doors, Dillybarz's ghost, novice MiFi
D:8 3 runed translucent doors, xian's ghost, novice GnFi
D:12 exclusion: downstairs
D:13 Rupert
Spider:2 2 transporters
Elf:2 3 runed translucent doors
Vaults:3 Mennas


Innate Abilities, Weirdness & Mutations

You are immune to sickness and miasma.
Your stone body is resilient. (AC +20)
You are immune to poison.
Your large and strong wings let you fly.
You resist negative energy. (rN+)
You are resistant to electric shocks. (rElec)
You are resistant to unholy torment.
You are immune to petrification.
You are clumsy. (Dex -2)
You are dopey. (Int -2)
You are strong-willed. (Will+)
Your spells are a little harder to cast, but a little more powerful.


Message History

The storm dragon claws you but does no damage.
The storm dragon tramples you.
* * * LOW HITPOINT WARNING * * *
You are shoved backwards!
Your body shudders with the violent release of wild energies!
You feel clumsy.
You feel less contaminated with magical energies.
Casting: Irradiate (mildly dangerous; 1% risk of failure)
Confirm with . or Enter, or press ? or * to list all spells.
You don't have enough magic to cast this spell.
Casting: Irradiate (mildly dangerous; 1% risk of failure)
Confirm with . or Enter, or press ? or * to list all spells.
Okay, then.
Casting: Irradiate (mildly dangerous; 1% risk of failure)
Confirm with . or Enter, or press ? or * to list all spells.
Aiming: Iron Shot (mildly dangerous; 1% risk of failure)
Press: ? - help, Shift-Dir - straight line, f - storm dragon
Aim: a storm dragon (almost dead, berserk, misshapen and mutated, 81% to hit)
You feel a surge of power!
The iron shot hits the storm dragon!!!
You kill the storm dragon!
Vehumet accepts your kill.
You feel your power returning. You block the storm dragon's attack.
The storm dragon claws you but does no damage.
The storm dragon tramples you!
* * * LOW HITPOINT WARNING * * *
You are shoved backwards!
Okay, then.
Okay, then.
You are confused.
You feel invigorated. The electric golem hits you.
* * * LOW HITPOINT WARNING * * *
The electric golem shocks you. You resist.
* * * LOW HITPOINT WARNING * * *
The electric golem hits you but does no damage. x2
The electric golem completely misses you.
The storm dragon breathes lightning at you.
The bolt of lightning misses you.
The electric golem attacks as you move away!
The electric golem barely misses you. The electric golem hits you!
You die...

...####.......####.....##.##....#
#...####.#...###.##...##..#.....#
......#....#..#...#########...###
....#..#.................##....##
........................#.##..##.
........[........>.........####..
..#..........................##..
....))........(.9D......#....###'
..#...)...#.....@...........##...
.........#.................##....
...........#..............##.....
.........##.....⌠......##.#......
.................................
....#..........^.....)..)........
....#..................[...#.....
........................)).##....
...)....................[)...#...


You could see an electric golem and a storm dragon (catching breath, misshapen).

Vanquished Creatures
  the Serpent of Hell (Dis:7)
  The ghost of freelancePsychic the Imperceptible, a legendary KoHW of Wu Jian (Zot:1)
  A juggernaut (Dis:7)
  A Killer Klown (Zot:2)
  Margery (Vaults:2)
  12 caustic shrikes
  Geryon (Hell)
  3 golden dragons
  Nikola (Swamp:3)
  5 bone dragons
  2 doom hounds (Zot:1)
  An electric golem (Zot:1)
  A Tzitzimitl (Depths:3)
  2 iron giants (Dis:7)
  2 hellephants
  Jorgrun (Swamp:1)
  6 tentacled monstrosities
  7 Hell Sentinels
  A walking crystal tome (Depths:4)
  Grunn (Zot:1)
  Murray (Depths:2)
  2 deep elf master archers (Elf:3)
  2 titans (Depths:2)
  6 death cobs
  A deep elf blademaster (Elf:3)
  2 sphinxes
  22 ancient champions
  5 tentacled starspawn
  4 Executioners (Depths:3)
  Kirke (D:12)
  2 shadow dragons
  6 storm dragons
  4 thorn hunters
  Roxanne (D:15)
  A rockslime (IceCv)
  2 azure jellies (IceCv)
  4 draconian monks
  3 draconian knights
  4 quicksilver elementals
  8 fire giants
  3 balrugs
  A cacodemon (Abyss:4)
  4 iron dragons
  7 deep elf sorcerers
  6 draconian scorchers
  2 frost giants
  A ghost moth (Spider:4)
  3 orc warlords
  3 emperor scorpions (Spider:4)
  4 draconian shifters
  A spectral juggernaut (Depths:3)
  6 vault wardens
  Aizul (Spider:1)
  2 draconian stormcallers
  A broodmother (Spider:2)
  A caustic shrike zombie (Depths:3)
  5 quicksilver oozes (IceCv)
  7 ironbound preservers
  4 deep elf elementalists
  A spriggan defender (Depths:3)
  4 draconian annihilators
  9 very ugly things
  24 war gargoyles
  A reaper (Hell)
  16 stone giants
  4 vampire knights
  4 ironbound thunderhulks
  4 deep elf demonologists
  2 bunyips
  A hydra skeleton (Swamp:4)
  A halazid warlock (Hell)
  Nessos (D:14)
  7 white draconians
  9 green draconians
  8 dire elephants
  A black draconian (Zot:2)
  A wendigo (Hell)
  A lorocyproca (Abyss:3)
  6 red draconians
  8 yellow draconians
  2 eleionomae
  An entropy weaver (Vaults:2)
  4 spark wasps
  7 deep elf annihilators (Elf:3)
  15 purple draconians
  The ghost of SensoryNuts the Severer, a journeyman HOFi (Orc:2)
  4 crystal guardians (Dis:2)
  A jiangshi (Vaults:2)
  3 shambling mangroves (Swamp:4)
  9 ettins
  A merfolk impaler (Depths:1)
  9 deep elf death magi
  10 iron golems
  4 yaktaur captains
  7 fire dragons
  A green death (Abyss:4)
  2 spectral golden dragons (Depths:3)
  Josephine (D:13)
  17 hydras
  6 great orbs of eyes
  4 deep elf high priests (Elf:3)
  5 ice dragons
  2 spriggan zombies (Depths:3)
  A spectral tengu (Depths:3)
  2 hell beasts (Hell)
  4 spriggan air magi
  4 rakshasas
  A catoblepas (Lair:4)
  5 boulder beetles
  2 spriggan skeletons (Depths:3)
  An ogre mage (D:15)
  3 ghost crabs
  10 two-headed ogres
  A juggernaut simulacrum (Depths:3)
  3 vault guards (Depths:2)
  A death knight (Vaults:2)
  15 centaur warriors
  A death yak (Lair:4)
  5 ironbound frosthearts
  A naga warrior (Abyss:4)
  6 deep troll shamans
  Urug (D:12)
  A hell hog (Hell)
  A spectral fire giant (Depths:3)
  5 orc high priests
  19 dancing weapons
  6 alligators
  6 spriggan berserkers
  5 deep troll earth magi
  5 tengu warriors
  Sonja (D:11)
  A thrashing horror (Abyss:4)
  5 sun demons
  9 vampire magi
  4 soul eaters
  14 hell knights
  5 iron trolls
  5 crystal echidnas (Dis:7)
  21 spriggans
  10 deep elf knights
  2 skeletal warriors
  A titan skeleton (Depths:3)
  Amaemon (D:9)
  6 goliath frogs
  2 sixfirhies
  5 wretched stars
  2 spectral spark wasps (Depths:3)
  Lodul (D:13)
  A sun moth (Spider:4)
  3 pharaoh ants
  A spatial maelstrom (Abyss:4)
  A golden dragon zombie (Depths:3)
  6 swamp dragons
  8 flayed ghosts
  13 starcursed masses
  2 storm dragon skeletons (Depths:3)
  5 shadow demons
  5 steelbarb worms
  5 spriggan druids
  41 deep trolls
  8 orb spiders
  2 bog bodies
  4 glowing orange brains
  An orange crystal statue (IceCv)
  A harpy (Vaults:2)
  8 lindwurms
  6 wizards
  3 sphinx zombies (Depths:3)
  2 spectral hydras (Swamp:4)
  6 necromancers
  4 oklob plants
  24 deep elf zephyrmancers
  A golden dragon skeleton (Depths:3)
  2 phantasmal warriors (Swamp:4)
  5 ironbound convokers
  4 orc knights
  8 deep elf archers
  10 cyclopes
  26 deep elf pyromancers
  2 sphinx skeletons
  A frost giant zombie (Vaults:2)
  7 orc sorcerers
  14 moths of wrath
  10 wolf spiders
  9 manticores
  14 ugly things
  3 will-o-the-wisps
  A human zombie (Vaults:2)
  2 worldbinders
  12 black mambas
  A guardian serpent (Abyss:4)
  18 elephants
  A molten gargoyle (Hell)
  6 rust devils
  A titan simulacrum (Depths:3)
  5 gargoyles
  4 torpor snails
  9 vault sentinels
  3 orange demons
  7 smoke demons
  13 cane toads
  3 hellions
  7 rime drakes
  3 unseen horrors
  33 yaktaurs
  5 freezing wraiths
  3 demonic crawlers
  A tengu conjurer (Depths:1)
  7 tormentors
  2 spectral glowing shapeshifters (Depths:3)
  2 ice devils (Depths:2)
  2 efreet
  6 kobold demonologists
  A hydra zombie (Swamp:4)
  4 meliai
  4 ancient zymes
  5 golden dragon simulacra
  7 komodo dragons
  3 death drake zombies (Swamp:4)
  A tengu simulacrum (Depths:3)
  A shadow dragon simulacrum (Depths:3)
  11 large abominations
  3 tyrant leeches
  A troll (shapeshifter) (Elf:3)
  2 bloated husks
  5 trolls
  6 polar bears
  34 hornets
  A raiju (shapeshifter) (D:14)
  17 tarantellas
  43 slime creatures
  17 blink frogs
  4 dream sheep (Lair:4)
  16 raiju
  18 culicivoras
  A dire elephant simulacrum (Hell)
  11 jumping spiders
  2 water elementals (Depths:1)
  5 air elementals
  6 shadows
  5 wraiths
  4 vampires
  9 small abominations (Abyss:4)
  13 wyverns
  A human (shapeshifter) (Abyss:4)
  24 yaks
  A fire elemental (Elf:3)
  2 hogs (D:12)
  36 redbacks
  8 basilisks
  27 humans
  A chaos spawn (Abyss:4)
  4 neqoxecs
  4 steam dragons
  An alligator snapping turtle simulacrum (Hell)
  16 vampire mosquitoes
  9 wargs
  5 acid dragons
  A naga (Abyss:4)
  28 water moccasins
  6 swamp worms
  A glowing shapeshifter skeleton (Vaults:2)
  4 hydra simulacra (Swamp:4)
  A water moccasin (shapeshifter) (Elf:2)
  29 orc warriors
  4 swamp drakes
  An ice beast (D:7)
  A sky beast (shapeshifter) (D:15)
  3 great orb of eyes simulacra (IceCv)
  A sky beast (D:8)
  2 black bears (D:8)
  5 boggarts
  2 swamp dragon zombies (Swamp:4)
  12 ogres
  4 wolves (Depths:2)
  14 centaurs
  2 kobold brigands
  3 slime creature simulacra (IceCv)
  15 bullfrogs
  5 earth elementals
  5 scorpions
  2 spectral wargs (Depths:2)
  6 glowing shapeshifter simulacra
  11 wights
  4 killer bees (D:9)
  An electric eel (Lair:4)
  6 howler monkeys
  4 hounds
  A gnoll bouda (D:8)
  16 orc priests
  9 iguanas
  19 orc wizards
  5 hell rats (Lair:2)
  A mummy (D:8)
  Robin (D:2)
  9 adders
  3 white imps
  3 ufetubi
  3 worms
  61 orcs
  12 endoplasms
  5 giant cockroaches
  16 goblins
  3 hobgoblins
  4 jackals (D:5)
  8 kobolds
  5 ball pythons
  6 bats
  8 frilled lizards
  2 hobgoblin zombies (D:8)
  A kobold zombie (D:8)
  An orc zombie (D:8)
  5 rats
  4 plants (Swamp:4)
  A starspawn tentacle (Abyss:4)
1860 creatures vanquished.

Vanquished Creatures (collateral kills)
  A culicivora (Spider:4)
1 creature vanquished.

Vanquished Creatures (others)
  A deep elf death mage (Depths:3)
  A spriggan druid (Swamp:3)
  A will-o-the-wisp (Swamp:1)
  A ynoxinul (Abyss:4)
  2 spriggans (Swamp:3)
  A water elemental (Elf:3)
  A white imp (Abyss:4)
  A demonic plant (Abyss:4)
  6 foxfires (Swamp:3)
  56 fungi
  A lurking horror (Abyss:3)
  92 plants
  9 starspawn tentacles
173 creatures vanquished.

Grand Total: 2034 creatures vanquished

Notes
Turn   | Place    | Note
-------+----------+-------------------------------------------
     0 | D:1      | freelancePsychic the Gargoyle Earth Elementalist began the
                  | quest for the Orb.
     0 | D:1      | Reached XP level 1. HP: 10/10 MP: 3/3
   668 | D:1      | Reached XP level 2. HP: 16/16 MP: 3/5
   779 | D:2      | Reached skill level 1 in Fighting
   779 | D:2      | Reached skill level 1 in Conjurations
   888 | D:2      | Noticed Robin
   905 | D:2      | Reached XP level 3. HP: 20/20 MP: 3/6
   974 | D:1      | Learned a level 3 spell: Stone Arrow
  1243 | D:2      | Found a faded altar of an unknown god.
  1480 | D:2      | Found Ajyfirr's Armour Shop.
  1511 | D:2      | Bought a +0 buckler for 45 gold pieces
  1556 | D:2      | Reached XP level 4. HP: 24/25 MP: 3/8
  1939 | D:2      | Killed Robin
  2339 | D:2      | Found Nate's Armour Shop.
  2421 | D:2      | Noticed Terence
  2466 | D:3      | Found a sacrificial altar of Ru.
  2684 | D:3      | Noticed an ogre
  2698 | D:3      | Killed an ogre
  2699 | D:3      | Reached skill level 1 in Shields
  2699 | D:3      | Reached XP level 5. HP: 31/31 MP: 7/9
  3152 | D:4      | Reached XP level 6. HP: 36/36 MP: 8/10
  3170 | D:4      | Reached skill level 5 in Earth Magic
  3559 | D:4      | Found a staircase to the Ecumenical Temple.
  3567 | Temple   | Entered the Ecumenical Temple
  3567 | Temple   | Found a transporter.
  3567 | Temple   | Found a transporter.
  3569 | Temple   | Found a transporter.
  3569 | Temple   | Found a transporter.
  3992 | D:5      | Entered Level 5 of the Dungeon
  4042 | D:5      | Reached XP level 7. HP: 41/41 MP: 8/11
  5549 | D:3      | Found a runed translucent door.
  5550 | D:3      | Noticed Crazy Yiuf
  5675 | D:6      | Reached XP level 8. HP: 35/48 MP: 5/12
  6329 | D:6      | Reached skill level 5 in Fighting
  6356 | D:6      | Reached skill level 5 in Conjurations
  7415 | D:7      | Found a runed translucent gate.
  7415 | D:7      | Found a runed translucent gate.
  7419 | D:7      | Noticed Dillybarz's ghost (novice MiFi)
  7419 | D:7      | Noticed a wyvern
  7420 | D:7      | Reached XP level 9. HP: 55/55 MP: 7/15
  7476 | D:7      | Found a runed translucent gate.
  7790 | D:7      | Found Vexker's Weapon Shop.
  7845 | D:7      | Found an iron altar of Okawaru.
  9058 | D:8      | Noticed a meliai
  9059 | D:8      | Noticed a cyclops
  9060 | D:8      | Killed a meliai
  9061 | D:8      | Reached skill level 5 in Spellcasting
  9138 | D:8      | Found a staircase to the Lair.
  9139 | D:8      | Noticed an elephant
  9155 | D:8      | Killed an elephant
  9156 | D:8      | Reached XP level 10. HP: 61/63 MP: 1/18
  9275 | D:8      | Identified the ring of Zolarhyn {rElec rF+}
  9610 | D:9      | Got the Quarto of the Crypt
  9693 | D:9      | Reached skill level 1 in Armour
 10451 | D:9      | Noticed an orange demon
 10451 | D:9      | Noticed Amaemon
 10458 | D:9      | Killed an orange demon
 10461 | D:9      | Killed Amaemon
 10562 | D:9      | Reached skill level 1 in Maces & Flails
 10957 | D:10     | Entered Level 10 of the Dungeon
 11196 | D:10     | Noticed a two-headed ogre
 11205 | D:10     | Killed a two-headed ogre
 11206 | D:10     | Reached XP level 11. HP: 60/71 MP: 6/19
 11597 | D:10     | Found a stormy altar of Qazlal.
 11608 | D:10     | Found a shimmering blue altar of Sif Muna.
 11660 | D:10     | Reached skill level 5 in Maces & Flails
 11840 | D:10     | Reached skill level 10 in Fighting
 12277 | D:10     | Found a radiant altar of Vehumet.
 12316 | D:10     | Became a worshipper of Vehumet
 12937 | D:11     | Noticed a two-headed ogre
 12950 | D:11     | Killed a two-headed ogre
 12991 | D:11     | Reached skill level 10 in Earth Magic
 13141 | D:11     | Identified the +1 leather armour of Divine Compulsion
                  | {rElec Str-4 Int+4}
 13159 | D:11     | Noticed a manticore
 13325 | D:11     | Killed a manticore
 13381 | D:11     | Found a staircase to the Orcish Mines.
 13708 | D:11     | Noticed a purple ugly thing
 13718 | D:11     | Killed a purple ugly thing
 14124 | D:2      | Bought the +1 pair of gloves of Exclusion {rF+ Slay+2 SInv}
                  | for 397 gold pieces
 14361 | D:8      | Killed a cyclops
 14492 | D:8      | Reached * piety under Vehumet
 14492 | D:8      | Offered knowledge of Freeze by Vehumet.
 14561 | D:8      | Reached XP level 12. HP: 80/80 MP: 10/20
 14784 | D:8      | Found a runed translucent gate.
 14784 | D:8      | Found a runed translucent gate.
 14784 | D:8      | Found a runed translucent gate.
 15537 | D:12     | Noticed a two-headed ogre
 15542 | D:12     | Killed a two-headed ogre
 15602 | D:12     | Noticed Sonja
 15718 | Lair:1   | Entered Level 1 of the Lair of Beasts
 16058 | Lair:1   | You fall into a shaft and drop 1 floor!
 16525 | Lair:2   | Reached skill level 10 in Maces & Flails
 16647 | Lair:2   | Offered knowledge of Poisonous Vapours by Vehumet.
 16667 | Lair:2   | Reached ** piety under Vehumet
 17267 | Lair:2   | Found a hole to the Spider Nest.
 17591 | Lair:2   | Noticed a five-headed hydra
 17596 | Lair:2   | Killed a five-headed hydra
 17597 | Lair:2   | Reached XP level 13. HP: 86/86 MP: 8/21
 17884 | Lair:2   | Found a staircase to the Swamp.
 18463 | Lair:3   | Offered knowledge of Searing Ray by Vehumet.
 19365 | Lair:3   | Reached *** piety under Vehumet
 20761 | Lair:4   | Identified the +3 leather armour "Lenk" {-Tele rElec rPois
                  | SInv}
 21491 | Lair:5   | Entered Level 5 of the Lair of Beasts
 21542 | Lair:4   | Offered knowledge of Flame Wave by Vehumet.
 22074 | Lair:5   | Gained mutation: Your large and strong wings let you fly.
                  | [Gargoyle growth]
 22074 | Lair:5   | Reached XP level 14. HP: 50/96 MP: 22/22
 22079 | Lair:5   | Reached **** piety under Vehumet
 22305 | Lair:5   | Reached skill level 5 in Armour
 22373 | Lair:5   | Offered knowledge of Sticky Flame by Vehumet.
 22772 | Lair:5   | Found a viscous altar of Jiyva.
 22773 | Lair:5   | Found a staircase to the Slime Pits.
 23769 | Lair:5   | Reached skill level 15 in Earth Magic
 23977 | Lair:5   | Got the Lessons on Transmogrification and Gloom
 24563 | Lair:5   | Reached ***** piety under Vehumet
 24689 | Lair:5   | Offered knowledge of Yara's Violent Unravelling by Vehumet.
 25290 | Lair:4   | Reached skill level 15 in Fighting
 26447 | D:8      | Found a runed translucent gate.
 26447 | D:8      | Found a runed translucent gate.
 26451 | D:8      | Found a runed translucent gate.
 26454 | D:8      | Noticed xian's ghost (novice GnFi)
 26593 | D:11     | Killed Sonja
 26963 | D:12     | Noticed Urug
 26971 | D:12     | Killed Urug
 27363 | D:12     | Learned a level 5 spell: Lee's Rapid Deconstruction
 27859 | D:12     | Noticed Kirke
 27863 | D:12     | Killed Kirke
 27927 | D:12     | Reached XP level 15. HP: 103/103 MP: 17/23
 27967 | D:13     | Noticed Rupert
 28385 | D:13     | Noticed Josephine
 28397 | D:13     | Killed Josephine
 28884 | D:13     | Noticed Lodul
 28892 | D:13     | Killed Lodul
 29833 | D:14     | Noticed Nessos
 30081 | D:14     | Paralysed by Nessos for 4 turns
 30086 | D:14     | Killed Nessos
 30565 | D:14     | Found a gate to the Vaults.
 31464 | D:14     | Reached skill level 5 in Dodging
 31717 | D:15     | Entered Level 15 of the Dungeon
 31792 | D:15     | Found a frozen archway.
 31919 | IceCv    | Entered an ice cave
 32276 | IceCv    | Identified the amulet of Sedoh {Spirit Int+3}
 32626 | IceCv    | Reached skill level 5 in Shields
 32626 | IceCv    | Offered knowledge of Orb of Destruction by Vehumet.
 32648 | IceCv    | Learned a level 7 spell: Orb of Destruction
 33029 | IceCv    | Found a viscous altar of Jiyva.
 33029 | IceCv    | Noticed an azure jelly
 33033 | IceCv    | Killed an azure jelly
 33033 | IceCv    | Noticed an azure jelly
 33044 | IceCv    | Noticed a rockslime
 33045 | IceCv    | Killed an azure jelly
 33058 | IceCv    | Identified the +1 pair of gloves of the Nurturing Gods
                  | {rElec rPois Dex+3}
 33116 | IceCv    | Killed a rockslime
 33419 | D:15     | Noticed Roxanne
 33425 | D:15     | Killed Roxanne
 33426 | D:15     | Reached XP level 16. HP: 111/111 MP: 3/25
 33674 | D:15     | Found a staircase to the Depths.
 34172 | D:15     | Identified the +5 ring mail "Enecyor" {Int+3 Dex+2}
 34821 | Orc:1    | Entered Level 1 of the Orcish Mines
 35184 | Orc:1    | Found Gimipt's Armour Boutique.
 35432 | Orc:2    | Entered Level 2 of the Orcish Mines
 35432 | Orc:2    | Found Zokhlimys's Antique Weapon Boutique.
 36393 | Orc:2    | Found a large runed translucent door.
 36393 | Orc:2    | Found a large runed translucent door.
 36398 | Orc:2    | Noticed SensoryNuts's ghost (journeyman HOFi)
 36407 | Orc:2    | Found Kedom's Magic Scroll Shoppe.
 36442 | Orc:2    | Bought a scroll of acquirement for 728 gold pieces
 36442 | Orc:2    | Bought a scroll of enchant weapon for 105 gold pieces
 36443 | Orc:2    | Acquired a +3 eveningstar of holy wrath
 36858 | Orc:2    | Paralysed by an orc sorcerer for 5 turns
 37291 | Orc:2    | Offered knowledge of Irradiate by Vehumet.
 37299 | Orc:2    | Learned a level 5 spell: Irradiate
 37398 | Orc:2    | Reached skill level 1 in Transmutations
 37579 | Orc:2    | Found Vareib's Antique Armour Emporium.
 37624 | Orc:2    | Found Ivanimah's Jewellery Emporium.
 37648 | Orc:2    | Found a staircase to the Elven Halls.
 37739 | Orc:2    | Found Vonihim's General Store.
 37747 | Orc:2    | Bought a scroll of teleportation for 54 gold pieces
 37843 | Orc:2    | Killed SensoryNuts's ghost
 37901 | Orc:2    | Acquired the Verses on Congelation and Outbursts
 37936 | Orc:2    | Bought a bloodstained leather armour for 196 gold pieces
 37936 | Orc:2    | Identified the +3 leather armour of Xalavo {rC+} (You
                  | bought it in a shop on level 2 of the Orcish Mines)
 37936 | Orc:2    | Bought an embroidered cloak for 210 gold pieces
 37955 | Elf:1    | Entered Level 1 of the Elven Halls
 37961 | Elf:1    | Reached skill level 10 in Conjurations
 38302 | Elf:1    | Noticed an Executioner
 39206 | Elf:1    | Reached XP level 17. HP: 117/117 MP: 27/29
 39853 | Abyss:2  | Found a corrupted altar of Lugonu.
 39853 | Abyss:2  | Found a corrupted altar of Lugonu.
 39853 | Abyss:2  | Cast into level 2 of the Abyss (a deep elf sorcerer)
 40356 | Abyss:3  | Noticed a tentacled starspawn
 40361 | Abyss:3  | Killed a tentacled starspawn
 40504 | Abyss:3  | Noticed a tentacled starspawn
 40516 | Abyss:3  | Killed a tentacled starspawn
 40527 | Abyss:3  | Found a corrupted altar of Lugonu.
 40558 | Abyss:3  | Noticed a tentacled starspawn
 40703 | Elf:1    | Escaped the Abyss
 41037 | Elf:1    | Reached ****** piety under Vehumet
 41844 | Elf:2    | Found Nuaseku's Antique Armour Emporium.
 42442 | Elf:2    | Bought a pair of glowing boots for 277 gold pieces
 42650 | Elf:2    | Found a runed translucent gate.
 42651 | Elf:2    | Found a runed translucent gate.
 42652 | Elf:2    | Found a runed translucent gate.
 42659 | Elf:2    | Offered knowledge of Ozocubu's Refrigeration by Vehumet.
 43014 | Elf:3    | Entered Level 3 of the Elven Halls
 43508 | Orc:2    | Bought an amulet of regeneration for 510 gold pieces
 43606 | Elf:3    | Paralysed by an air elemental for 1 turns
 44196 | Abyss:4  | Cast into level 4 of the Abyss (a deep elf sorcerer)
 44200 | Abyss:4  | Noticed a tentacled starspawn
 44209 | Abyss:4  | Killed a tentacled starspawn
 44386 | Abyss:4  | Reached skill level 15 in Maces & Flails
 44386 | Abyss:4  | Reached XP level 18. HP: 120/123 MP: 31/31
 44427 | Abyss:4  | Reached skill level 10 in Spellcasting
 44503 | Abyss:4  | Noticed a bone dragon
 44525 | Abyss:4  | Killed a bone dragon
 44536 | Elf:3    | Escaped the Abyss
 44648 | Elf:3    | Noticed a deep elf master archer
 44665 | Elf:3    | Killed a deep elf master archer
 44677 | Elf:3    | Noticed a deep elf master archer
 44906 | Elf:3    | Killed a deep elf master archer
 45468 | Elf:3    | Noticed a deep elf blademaster
 45476 | Elf:3    | Killed a deep elf blademaster
 45594 | Elf:3    | Identified the +1 robe of the Sun {Fly rC+ Str+2 Dex+2}
 45680 | Elf:3    | Offered knowledge of Spellforged Servitor by Vehumet.
 45749 | Elf:3    | Learned a level 7 spell: Spellforged Servitor
 45776 | Elf:3    | Noticed an Ice Fiend
 45917 | Elf:3    | Identified the +10 glaive of Earthquakes {elec, Str+9}
 45917 | Elf:3    | Identified the +0 leather armour of the Trombone {Contam
                  | rElec Will++ MP+9}
 46055 | Elf:3    | Got the Disquisition on Hurtful Vapour
 46058 | Elf:3    | Got Sif Muna's Octavo of Feathers
 46488 | Depths:1 | Entered Level 1 of the Depths
 46560 | Abyss:4  | Cast into level 4 of the Abyss (a wizard)
 46612 | Abyss:4  | Noticed a bone dragon
 46641 | Abyss:4  | Killed a bone dragon
 46675 | Abyss:4  | Noticed a hellephant
 46692 | Abyss:4  | Killed a hellephant
 46726 | Abyss:4  | Noticed a lich
 47186 | Depths:1 | Escaped the Abyss
 47460 | D:15     | Reached XP level 19. HP: 91/128 MP: 27/33
 47648 | Depths:1 | Offered knowledge of Eringya's Noxious Bog by Vehumet.
 47809 | Depths:1 | You are sucked into a shaft and drop 1 floor!
 47930 | Depths:2 | Identified the +1 chain mail "Xaroer" {Int+5}
 47936 | Depths:2 | Found a gateway to Hell.
 47949 | Depths:2 | Found a one-way gate leading to the halls of Pandemonium.
 48044 | Depths:2 | Gained mutation: You are frail. (-10% HP) [mutagenic glow]
 48167 | Depths:2 | Lost mutation: You are frail. (-10% HP) [potion of
                  | mutation]
 48167 | Depths:2 | Gained mutation: You are strong-willed. (Will+) [potion of
                  | mutation]
 48167 | Depths:2 | Gained mutation: Your spells are a little harder to cast,
                  | but a little more powerful. [potion of mutation]
 48238 | Depths:2 | Gained mutation: You are dopey. (Int -2) [mutagenic glow]
 48313 | Depths:2 | Found a bloodstained altar of Trog.
 48685 | Depths:2 | Found an ancient bone altar of Kikubaaqudgha.
 49134 | Depths:2 | Offered knowledge of Ignition by Vehumet.
 49359 | Depths:2 | Found Ruruushe's General Store.
 49435 | Depths:2 | Bought a scroll of teleportation for 66 gold pieces
 49606 | Depths:2 | Found The Legendary Cudim's Legendary Smithy.
 49610 | Depths:2 | Bought a -1 tower shield for 4 gold pieces
 49642 | Depths:2 | Found a basalt altar of Yredelemnul.
 49709 | Depths:2 | Found Wikonem's Miraculous Elixirs.
 49737 | Depths:2 | Reached skill level 5 in Transmutations
 49737 | Depths:2 | Reached XP level 20. HP: 137/137 MP: 34/34
 49828 | Depths:3 | Found an ancient bone altar of Kikubaaqudgha.
 50062 | Depths:3 | Identified the +1 leather armour of Paranoia {Int+4 SInv}
 50493 | Depths:3 | Reached XP level 21. HP: 49/143 MP: 28/35
 50622 | Depths:3 | Learned a level 6 spell: Iron Shot
 50758 | Depths:3 | Identified the +7 shortbow of Teurghod {speed, Str-4 Int+5}
 50777 | Depths:3 | Identified the ring of Wiopulat {rCorr Str+4 Slay+3}
 51417 | Depths:3 | Found a hide-covered altar of Uskayaw.
 51442 | Depths:3 | Noticed a golden dragon
 51445 | Depths:3 | Killed a golden dragon
 51796 | Depths:3 | Found a one-way gate to the infinite horrors of the Abyss.
 52676 | Depths:2 | Found Tuzul's Jewellery Boutique.
 53913 | Depths:1 | Found a radiant altar of Vehumet.
 54396 | Depths:4 | Entered Level 4 of the Depths
 55172 | Depths:4 | Found a one-way gateway to a ziggurat.
 55544 | Depths:4 | Offered knowledge of Fire Storm by Vehumet.
 55544 | Depths:4 | Offered knowledge of Shatter by Vehumet.
 55544 | Depths:4 | Offered knowledge of Polar Vortex by Vehumet.
 55555 | Depths:4 | Learned a level 9 spell: Shatter
 55749 | Depths:4 | Noticed a bone dragon
 55770 | Depths:4 | Killed a bone dragon
 55945 | Depths:4 | Found a gate to the Realm of Zot.
 55953 | Depths:4 | Noticed a bone dragon
 55965 | Depths:4 | Killed a bone dragon
 56168 | Depths:4 | Noticed a bone dragon
 56173 | Depths:4 | Killed a bone dragon
 56641 | Depths:4 | Reached XP level 22. HP: 151/151 MP: 30/36
 56797 | Depths:2 | Bought a ring of wizardry for 540 gold pieces
 56828 | Hell     | Entered the Vestibule of Hell
 56828 | Hell     | Noticed Geryon
 57170 | Hell     | Noticed Murray
 57241 | Depths:2 | Killed Murray
 57941 | Hell     | Found a gateway to the freezing wastes of Cocytus.
 57946 | Hell     | Killed Geryon
 58726 | Hell     | Found a gateway to the ashen valley of Gehenna.
 58796 | Hell     | Found a gateway to the Iron City of Dis.
 58931 | Hell     | Found a gateway to the decaying netherworld of Tartarus.
 58995 | Dis:1    | Entered Level 1 of the Iron City of Dis
 59300 | Dis:2    | Noticed a caustic shrike
 59300 | Dis:2    | Noticed a caustic shrike
 59300 | Dis:2    | Noticed a caustic shrike
 59300 | Dis:2    | Noticed a caustic shrike
 59300 | Dis:2    | Noticed a caustic shrike
 59304 | Dis:2    | Killed a caustic shrike
 59304 | Dis:2    | Killed a caustic shrike
 59304 | Dis:2    | Killed a caustic shrike
 59304 | Dis:2    | Killed a caustic shrike
 59305 | Dis:2    | Killed a caustic shrike
 59314 | Dis:2    | Noticed a caustic shrike
 59315 | Dis:2    | Noticed a caustic shrike
 59315 | Dis:2    | Noticed a caustic shrike
 59315 | Dis:2    | Noticed a caustic shrike
 59316 | Dis:2    | Noticed a caustic shrike
 59320 | Dis:2    | Killed a caustic shrike
 59321 | Dis:2    | Killed a caustic shrike
 59322 | Dis:2    | Killed a caustic shrike
 59323 | Dis:2    | Killed a caustic shrike
 59324 | Dis:2    | Killed a caustic shrike
 59386 | Dis:3    | Reached XP level 23. HP: 128/160 MP: 40/40
 59695 | Dis:7    | Entered Level 7 of the Iron City of Dis
 59805 | Dis:7    | Noticed a caustic shrike
 59848 | Dis:7    | Learned a level 1 spell: Apportation
 59851 | Dis:7    | Learned a level 2 spell: Blink
 59893 | Dis:7    | Reached skill level 1 in Translocations
 60025 | Dis:7    | Killed a caustic shrike
 60027 | Dis:7    | Reached skill level 10 in Shields
 60052 | Dis:7    | Noticed the Serpent of Hell
 60060 | Dis:7    | Killed the Serpent of Hell
 60226 | Dis:7    | Noticed a caustic shrike
 60228 | Dis:7    | Killed a caustic shrike
 60236 | Dis:7    | Noticed a juggernaut
 60246 | Dis:7    | Got an iron rune of Zot
 60253 | Dis:7    | Killed a juggernaut
 60552 | Spider:1 | Entered Level 1 of the Spider Nest
 60755 | Spider:1 | Noticed Aizul
 60766 | Spider:1 | Killed Aizul
 60992 | Spider:2 | Found a transporter.
 60993 | Spider:2 | Found a transporter.
 61128 | Spider:2 | Identified the +4 leather armour "Ariosi" {Str+6 Dex+2}
 61336 | Spider:4 | Entered Level 4 of the Spider Nest
 61355 | Spider:4 | Reached skill level 15 in Spellcasting
 61553 | Spider:4 | Reached skill level 1 in Invocations
 61575 | Spider:4 | Reached skill level 5 in Invocations
 61596 | Spider:4 | Got a gossamer rune of Zot
 61680 | Spider:1 | Reached XP level 24. HP: 130/167 MP: 27/42
 61728 | Swamp:1  | Entered Level 1 of the Swamp
 62015 | Swamp:3  | Noticed Nikola
 62035 | Swamp:3  | Killed Nikola
 62037 | Swamp:3  | Reached skill level 10 in Invocations
 62480 | Swamp:4  | Entered Level 4 of the Swamp
 62544 | Swamp:4  | Found a blossoming altar of Fedhas.
 63826 | Swamp:4  | Reached skill level 15 in Invocations
 63841 | Swamp:4  | Found a basalt altar of Yredelemnul.
 63852 | Swamp:4  | Got a decaying rune of Zot
 63913 | Swamp:1  | Noticed Jorgrun
 63915 | Swamp:1  | Killed Jorgrun
 64141 | Vaults:1 | Entered Level 1 of the Vaults
 65042 | Vaults:1 | Found Bicenn's Weapon Emporium.
 65399 | Vaults:2 | Noticed Margery
 65400 | Vaults:2 | Killed Margery
 65795 | Vaults:2 | Reached XP level 25. HP: 172/172 MP: 21/42
 66050 | Vaults:2 | Found the +3 pair of seven-league boots {Rampage+∞}
 66200 | Vaults:2 | Found a staircase to the Crypt.
 67405 | Vaults:3 | Found Zoecan's Antique Armour Shop.
 67412 | Vaults:3 | Bought a heavily runed leather armour for 224 gold pieces
 67412 | Vaults:3 | Identified the +1 leather armour of Jofeij {rElec Will+
                  | SInv} (You bought it in a shop on level 3 of the Vaults)
 67732 | Vaults:3 | Noticed Mennas
 68368 | Zot:1    | Entered Level 1 of the Realm of Zot
 68368 | Zot:1    | Noticed Grunn
 68371 | Zot:1    | Killed Grunn
 70432 | Zot:2    | Reached XP level 26. HP: 178/178 MP: 17/42
 70773 | Zot:2    | Noticed a Killer Klown
 70776 | Zot:2    | Killed a Killer Klown
 71100 | Zot:2    | Found a runed translucent door.
 71101 | Zot:2    | Noticed freelancePsychic's ghost (legendary KoHW)
 71108 | Zot:2    | Identified the amulet of Vyasy {Spirit Contam Rampage
                  | Will+++ Dex+3}
 71255 | Zot:1    | Killed freelancePsychic's ghost
 71389 | Zot:1    | Gained mutation: You are clumsy. (Dex -2) [mutagenic glow]
 71390 | Zot:1    | HP: 6/178 [storm dragon (7)]
 71392 | Zot:1    | Slain by an electric golem

Illustrated notes

Levels and vault maps discovered:
D:1:      matt_arrival_spirals, layout_basic
D:2:      layout_basic, basic_ecumenical_altar, serial_shops,
          nicolae_shop_competitors_out_of_business,
          nicolae_shop_temple_entry_statues_fountains, shop, uniq_terence,
          uniq_robin
D:3:      layout_loops_corners, hangedman_ru_absence, minmay_misc_feat_hallway,
          uniq_crazy_yiuf_cottage
D:4:      layout_loops_ring, minmay_temple_entry_crystal_x, dk_noncrumbling_3
D:5:      layout_loops_ring
D:6:      layout_basic, wad_floor_pattern_2
D:7:      layout_basic, kennysheep_okawaru_gauntlet, gammafunk_ghost_split,
          serial_shops, nicolae_shop_waterfront
D:8:      wad_arrow_thing, layout_basic, david_lair_generic,
          ploomutoo_gammafunk_ghost_potion_laboratory, minmay_mini_ossuary
D:9:      layout_rooms, uniq_amaemon
D:10:     layout_irregular_city, kennysheep_mini,
          amethyst_overflow_temple_binary, minmay_increasing_density
D:11:     layout_loops_corners, david_orc_3
D:12:     layout_roguey, uniq_urug, uniq_kirke, uniq_sonja
D:13:     layout_irregular_city, uniq_lodul, uniq_josephine, uniq_rupert
D:14:     layout_layer_cave, david_vaults_3, chequers_jeans, st_stairs_2
D:15:     grunt_enter_depths_giant_problem, layout_basic, abandoned_shop,
          portal_ice_cave_entry_dragon, billiards_dpeg, uniq_roxanne
Temple:   hellmonk_temple_divided_pantheon
Lair:1:   layout_loops_ring
Lair:2:   layout_regular_city, swamp_mist, hellmonk_spider_entry_life_and_decay,
          beast_lair_carwin_5
Lair:3:   layout_loops_ring
Lair:4:   nzn_winding_woodlands_small
          [nzn_winding_woodlands_5x15_river_crossing,
          nzn_winding_woodlands_center_garden, nzn_winding_woodlands_5x15_pool],
          layout_cave_pods
Lair:5:   hangedman_lair_tendril_chambers, layout_small_grid,
          guppyfry_lair_end_dragon, nicolae_slime_entry_slimehenge,
          infiniplex_staircase_pool
Swamp:1:  layout_basic_swamp, hangedman_swamp_diagram, uniq_donald, uniq_jorgrun
Swamp:2:  layout_falls_marsh, evilmike_swamp_ruin_house_1
Swamp:3:  layout_basic_swamp, evilmike_swamp_ruin_house_6, swamp_pool1,
          uniq_nikola
Swamp:4:  byrel_swamp_growth_death_and_undeath, layout_basic_swamp, swamp_pool5,
          nicolae_swamp_triple_paths
Spider:1: layout_cave_pods, nicolae_spider_scorpion_nest, uniq_mlioglotl,
          uniq_aizul
Spider:2: gammafunk_boulding_lane
Spider:3: cheibrodos_spider_deadly_dance, drop_trap
Spider:4: spider_rune_water
Orc:1:    layout_caves, serial_shops, shop
Orc:2:    grunt_orc_gardens, layout_diamond_mine, grunt_orc_garden,
          grunt_orc_garden, grunt_orc_garden, grunt_orc_garden,
          ebering_ghost_disaster_area, serial_shops, nicolae_lakefront_shop
Elf:1:    minmay_elf_arrival_circle, layout_loops_corners,
          hangedman_elven_crosses_minicolossus
Elf:2:    elven_hall_of_blades_hangedman_original [nicolae_blade_lattice],
          layout_loops_cross, serial_shops, shop, minivault_20
Elf:3:    minmay_elf_hall_spiked, layout_geoelf_octagon, serial_glass,
          glass_columns_a, glass_columns_a, glass_columns_b, glass_columns_c
Vaults:1: vaults_room_semicircle, nicolae_vaults_three_branches, v_misc_23,
          ontoclasm_vaults_chip, v_misc_33, vaults_room_hallway,
          ontoclasm_vaults_bender, vaults_mumra_hex, vaults_dpeg_encased_lava,
          ontoclasm_vaults_loading_screen, layout_vaults_big_room, serial_shops,
          nicolae_lakefront_shop
Vaults:2: minmay_crypt_entry_simple_sparse, ontoclasm_vaults_ring_small,
          v_rooms_6, hangedman_vaults_maws, ontoclasm_vaults_gateway,
          hangedman_vaults_stitches, v_misc_24, vaults_mumra_lcd,
          grunt_vaults_hallway_long, grunt_vaults_twisty,
          vaults_dpeg_emergency_exit, hangedman_vaults_restitches,
          hangedman_vaults_impose, nicolae_vaults_mini_display_case,
          layout_vaults_ring, uniq_margery
Vaults:3: nicolae_vaults_what_the_h, hangedman_vaults_capsules, v_pattern_1,
          special_room_vaults [special_room_orc],
          nicolae_vaults_little_squares_5, hangedman_vaults_corner_blocks,
          ontoclasm_vaults_tryst, dpeg_vaults_monster_box, vaults_dpeg_diagonal,
          layout_vaults_omnigrid, serial_shops, nicolae_square_shop, uniq_mennas
Depths:1: layout_cave_shapes, grunt_metal_band, grunt_decor_clamped,
          grunt_pan_entry_spiral, nicolae_vehumet_altar_sigil,
          kennysheep_random_hallway
Depths:2: grated_community_mu [grated_community_mu_vampire_home,
          grated_community_mu_giant_home, grated_community_mu_spellcaster_home,
          grated_community_mu_orcish_home, grated_community_mu_troll_home,
          grated_community_mu_taur_home, grated_community_mu_unbuilt_plot],
          layout_basic, pf_coc_iceberg, abyss_entry_small_statue_room,
          serial_shops, shop_fountains, pan_entry
Depths:3: evilmike_negative_zone, layout_basic, abyss_entry,
          nicolae_uskayaw_en_pointe, hell_entry, grunt_decor_arrowhead,
          serial_bayou_pond_e, hangedman_abyss_or_decor_slice
Depths:4: grunt_twist_and_shout, layout_gridlike, enter_ziggurat_f,
          abyss_entry_crystal, hell_entry, hangedman_decor_diamond_cutter
Hell
Dis:1:    layout_gridville
Dis:2:    kennysheep_iron_temple, layout_gridville, nicolae_dis_distal_crystal
Dis:3:    layout_jigsaw, nicolae_dis_fourth_circle
Dis:4:    layout_subdivisions
Dis:5:    layout_subdivisions
Dis:6:    layout_jigsaw
Dis:7:    dis_st
Zot:1:    circus_mu, layout_twisted_circle, uniq_grunn
Zot:2:    layout_onion_interference, gammafunk_ghost_tricky_traps

Skill      XL: |  1  2  3  4  5  6  7  8  9 10 11 12 13 14 15 16 17 18 19 20 21 22 23 24 25 26 |
---------------+-------------------------------------------------------------------------------+-----
Fighting       | 1 2 3 4 5 7 9 11 12 14 15 16 17 18 19 21 | 21.6
Conjurations   | 1 2 3 4 5 7 8 10 11 12 13 | 13.0
Earth Magic    | 4 5 6 7 9 10 12 14 16 18 19 21 23 | 23.4
Shields        | 1 2 3 4 5 8 11 12 | 12.5
Spellcasting   | 3 4 5 6 8 9 10 13 15 | 15.0
Armour         | 4 7 |  7.2
Maces & Flails | 4 8 11 12 15 16 | 16.0
Dodging        | 3 5 6 8 9 |  9.0
Transmutations | 3 5 6 |  6.0
Translocations | 4 |  4.8
Invocations    | 6 17 22 23 | 23.4
Stealth        | |  2.1

Action                   |  1- 3 |  4- 6 |  7- 9 | 10-12 | 13-15 | 16-18 | 19-21 | 22-24 | 25-27 || total
-------------------------+-------+-------+-------+-------+-------+-------+-------+-------+-------++-------
Melee: Unarmed           |     3 |     4 |       |       |       |       |       |       |       ||     7
       Demon whip        |       |       |       |   187 |   448 |   149 |       |       |       ||   784
       Eveningstar       |       |       |       |       |       |   498 |   500 |   161 |   116 ||  1275
       Staff             |       |       |       |       |       |       |       |     1 |     6 ||     7
 Cast: Sandblast         |    55 |    78 |    50 |    13 |     4 |       |       |       |       ||   200
       Stone Arrow       |       |       |    84 |   217 |   493 |   273 |    64 |       |       ||  1131
       Lee's Rapid Decon |       |       |       |       |    59 |   141 |    66 |    12 |       ||   278
       Irradiate         |       |       |       |       |       |    63 |    58 |    17 |    11 ||   149
       Iron Shot         |       |       |       |       |       |       |   166 |   109 |    57 ||   332
       Shatter           |       |       |       |       |       |       |     2 |   244 |   127 ||   373
       Apportation       |       |       |       |       |       |       |       |     1 |       ||     1
       Orb of Destructio |       |       |       |       |       |       |       |       |     2 ||     2
Evoke: Wand              |       |     4 |     5 |     4 |     3 |     3 |     2 |       |       ||    21
       Condenser vane    |       |       |       |       |       |     1 |       |     2 |       ||     3
       Tin of tremorston |       |       |       |       |       |       |     1 |       |       ||     1
  Use: Scroll            |       |     2 |     8 |     8 |    12 |    14 |    15 |    10 |     9 ||    78
       Potion            |       |       |       |       |     1 |    12 |    22 |    15 |     3 ||    53
 Stab: Distracted        |       |       |       |       |       |     2 |     1 |     1 |       ||     4
       Sleeping          |       |       |       |       |       |       |     2 |     1 |       ||     3
Armor: Robe              |    13 |    19 |    16 |     1 |       |       |       |       |       ||    49
       Acid dragon scale |       |       |       |   155 |   335 |    35 |    29 |   427 |   177 ||  1158
       Ring mail         |       |       |       |       |       |   411 |   515 |       |       ||   926
Dodge: Dodged            |    18 |    23 |    18 |   118 |   244 |   327 |   403 |   327 |   121 ||  1599
Block: Buckler           |       |     7 |    11 |    45 |    98 |   129 |   171 |   152 |    63 ||   676
